 Dungeon Crawl Stone Soup version 0.27-a0-1513-g2aaa0cc67b (webtiles) character file.

Game seed: 7716844314215683687

56 Sin92 the Skirmisher (level 3, -13/29 HPs)
             Began as a Demonspawn Fighter on July 8, 2021.
             Killed from afar by a smoke demon (23 damage)
             ... with a ball of steam
             ... on level 1 of the Abyss on July 9, 2021.
             The game lasted 00:02:52 (1249 turns).

Sin92 the Skirmisher (Demonspawn Fighter)           Turns: 1249, Time: 00:02:53

Health: -13/29     AC:  9    Str: 16 (17) XL:     3   Next: 71%
Magic:  3/3        EV:  7    Int:  8 (9)  God:
Gold:   56         SH:  8    Dex: 11 (12) Spells: 2/2 levels left

rFire    . . .     SeeInvis .   a - +1 war axe
rCold    . . .     Faith    .   c - +0 kite shield
rNeg     . . .     Spirit   .   b - +0 scale mail
rPois    .         Reflect  .   (helmet restricted)
rElec    .         Harm     .   (no cloak)
rCorr    .         Rampage  .   f - +2 pair of gloves
Will     .....                  (no boots)
Stlth    ..........             (no amulet)
HPRegen  0.09/turn              (no ring)
MPRegen  0.08/turn              (no ring)

@: no status effects
A: antennae 2
a: no special abilities


You were on level 1 of the Abyss.
You visited 1 branch of the dungeon, and saw 2 of its levels.
You visited the Abyss 1 time.

You collected 56 gold pieces.

Inventory:

Hand Weapons
 a - a +1 war axe (weapon)
Armour
 b - a +0 scale mail (worn)
 c - a +0 kite shield (worn)
 f - a +2 pair of gloves (worn)
 j - a +0 helmet
Scrolls
 e - 2 scrolls of identify
Potions
 d - a potion of might
 g - a potion of curing {unknown}
 k - a potion of degeneration


   Skills:
 + Level 3.3 Fighting
 * Level 2.6 Axes
 + Level 3.0 Armour
 + Level 1.0 Dodging
 + Level 3.0 Shields


You had 2 spell levels left.
You didn't know any spells.
Your spell library contained the following spells:

 Spells                   Type           Power      Damage    Failure   Level
 Hailstorm                Conj/Ice       0%         3d3       100%        4
 Ice Form                 Ice/Tmut       0%         N/A       100%        4
 Simulacrum               Ice/Necr       0%         N/A       100%        6


Dungeon Overview and Level Annotations

Branches:
Dungeon (2/15)

Altars:


Innate Abilities, Weirdness & Mutations

You have a pair of antennae on your head.


Message History

Found a scroll labelled XAOHAS EHORGHUUG, a yellow potion and 50 gold pieces.
e - 3 scrolls labelled XAOHAS EHORGHUUG (gained 1)
As you read the scroll labelled HESHRA ITAGUESS, it crumbles to dust.
It is a scroll of enchant weapon.
Your +0 war axe glows red for a moment.
As you read the scroll labelled WOUFET UHUR, it crumbles to dust.
You feel strangely unstable.
You feel the power of the Abyss delaying your translocation!
It was a scroll of teleportation.
As you read the scroll labelled RAYGAI REKI, it crumbles to dust.
You feel momentarily disoriented.
It was a scroll of magic mapping.
As you read the scroll labelled XAOHAS EHORGHUUG, it crumbles to dust.
It is a scroll of identify.
You don't have any unidentified items.
g - a yellow potion You are suddenly pulled into a different region of the Abyss!
A small abomination comes into view.
Found a scroll of identify.
A smoke demon comes into view.
The smoke demon roars!
A small abomination comes into view.
The smoke demon gestures at you. The ball of steam hits you.
Found 37 gold pieces.
You hit the small abomination.
The small abomination is lightly damaged.
The small abomination hits you but does no damage.
The small abomination hits you.
You hit the small abomination but do no damage.
The small abomination is lightly damaged.
You hit the smoke demon but do no damage.
You are engulfed in a cloud of scalding steam.
You block the small abomination's attack. x2
The smoke demon hits you.
The smoke demon hits you but does no damage. x2
The small abomination hits you. The smoke demon gestures at you.
The ball of steam hits you!!
Ouch! That really hurt!
You die...

. . .# ##$.##. #.#.
...... #...#. .#..
#...#..#.
##...#...#.##.#
..#.....#..#.
#x#.#§.##..#.
##@3..........# #
##...§§##..##... .
#............#.. #.
##.#.#...###.# .##.
#...####..##.###...
#.#..
#..#..........
####. #.#...#..#.
.# # ..#.### .# . .
#... .#.. #....#


You could see a smoke demon and a small abomination.

Vanquished Creatures
  2 gnolls
  2 ball pythons (D:1)
  3 bats (D:1)
  3 endoplasms
  8 giant cockroaches
  3 goblins (D:1)
  2 hobgoblins (D:1)
  A jackal (D:1)
  A quokka (D:1)
  2 frilled lizards (D:1)
  2 kobolds (D:1)
  3 rats (D:1)
32 creatures vanquished.

Vanquished Creatures (others)
  A plant (D:1)
1 creature vanquished.

Grand Total: 33 creatures vanquished

Notes
Turn   | Place    | Note
-------+----------+-------------------------------------------
     0 | D:1      | Sin92 the Demonspawn Fighter began the quest for the Orb.
     0 | D:1      | Reached XP level 1. HP: 18/18 MP: 1/1
    96 | D:1      | Gained mutation: You have a pair of small antennae on your
                  | head. [demonic ancestry]
    96 | D:1      | Reached XP level 2. HP: 15/24 MP: 2/2
   395 | D:1      | Gained mutation: You have a pair of antennae on your head.
                  | [demonic ancestry]
   395 | D:1      | Reached XP level 3. HP: 28/29 MP: 3/3
   712 | D:1      | Upgraded the game from 0.27-a0-1502-g47ed6a6988 to
                  | 0.27-a0-1513-g2aaa0cc67b
  1187 | D:2      | Reached skill level 1 in Dodging
  1187 | D:2      | Cast into level 1 of the Abyss (gnoll)
  1219 | Abyss:1  | Noticed a small abomination
  1244 | Abyss:1  | Noticed a smoke demon
  1245 | Abyss:1  | Noticed a small abomination
  1249 | Abyss:1  | Killed from afar by a smoke demon

Illustrated notes

Levels and vault maps discovered:
D:1:      denvon_arrival_planthouse, layout_rooms, st_stairs_11
D:2:      layout_basic, ebering_ecumenical_altar_abandoned, hex_intersection
Abyss:1:  base: Temple, base: D:1, hangedman_steaming_rock

Skill      XL: |  1  2  3 |
---------------+----------+-----
Axes           | 2 |  2.6
Armour         | 3 |  3.0
Dodging        | 1 |  1.0
Shields        | 3 |  3.0
Fighting       | |  3.3

Action                   || total
-------------------------++-------
Melee: War axe           ||    94
  Use: Scroll            ||     4
       Potion            ||     1
Armor: Scale mail        ||    71
Dodge: Dodged            ||    36
Block: Kite shield       ||    64

Table legend: (Time is in decaauts)
 A = Elapsed time spent in this place.
 B = Non-inter-level travel time spent in this place.
 C = Inter-level travel time spent in this place.
 D = Time resting spent in this place.
 E = Time spent auto-exploring this place.
 F = Levels seen in this place.
 G = Mean time per level.
                   A        B        C        D        E       F      G
               +--------+--------+--------+--------+--------+-----+--------+
         Total |   1308 |   1273 |     35 |    175 |    806 |   3 |  436.0 |
       Dungeon |   1245 |   1210 |     35 |    175 |    806 |   2 |  622.5 |
         Abyss |     62 |     62 |      0 |      0 |      0 |   1 |   62.0 |
               +--------+--------+--------+--------+--------+-----+--------+

Top non-repeatable levels by time:
     D:1: 1107 daAuts
     D:2: 138 daAuts
 Abyss:1: 62 daAuts
